 Dungeon Crawl Stone Soup version 0.18-a0-1405-g73f4075 (webtiles) character file.

63 Tomstefer the Conjurer (level 4, -8/24 HPs)
             Began as a Tengu Conjurer on Feb 24, 2016.
             Mangled by a two-headed ogre
             ... wielding a +0 giant club
              (14 damage)
             ... on level 3 of the Dungeon.
             The game lasted 00:05:14 (2151 turns).

Tomstefer the Conjurer (Tengu Conjurer)             Turns: 2151, Time: 00:05:14

Health: -8/24      AC:  5    Str:  8    XL:     4   Next: 9%
Magic:  0/8        EV:  5    Int: 16    God:
Gold:   54         SH:  0    Dex: 15    Spells: 1 memorised, 6 levels left

rFire  . . .     SeeInvis .     q - +0 mace
rCold  . . .     Gourm    .     k - +0 ring mail (curse)
rNeg   . . .     Faith    .     (no shield)
rPois  .         Spirit   +     (helmet restricted)
rElec  .         Dismiss  .     (no cloak)
rCorr  .         Reflect  .     (no gloves)
SustAt .         Harm     .     (boots unavailable)
MR     .....                    o - amulet of guardian spirit
Stlth  +.........               (no ring)
                                (no ring)

@: not resistant to hostile enchantments, very unstealthy
A: beak, talons 3
a: no special abilities


You were on level 3 of the Dungeon.
You were not hungry.

You visited 1 branch of the dungeon, and saw 3 of its levels.

You collected 54 gold pieces.

Inventory:

Hand Weapons
 e - a +0 dagger
 q - a +0 mace (weapon)
Armour
 a - a +0 robe
 k - a cursed +0 ring mail (worn)
Jewellery
 o - an amulet of guardian spirit (around neck)
 t - an uncursed amulet of guardian spirit
Wands
 p - a wand of paralysis (4/24)
Scrolls
 l - 3 scrolls of identify {unknown}
 n - a scroll of amnesia {unknown}
 s - a scroll of remove curse {unknown}
Potions
 d - 2 potions of curing {unknown}
 f - 2 potions of agility {unknown}
 h - a potion of brilliance {unknown}
 i - a potion of degeneration {unknown}
 j - a potion of lignification {unknown}
 r - a potion of ambrosia {unknown}
Books
 b - a book of Conjurations

   Spells                             Type                      Level
   a - Magic Dart                     Conjuration                  1
   b - Searing Ray                    Conjuration                  2
   c - Dazzling Spray                 Conjuration/Hexes            3
   d - Fulminant Prism                Conjuration/Hexes            4
   e - Iskenderun's Mystic Blast      Conjuration                  4
   f - Iskenderun's Battlesphere      Conjuration/Charms           5
Comestibles
 c - 2 bread rations
 g - 2 chunks of flesh
 m - a meat ration


   Skills:
 - Level 2.1 Dodging
 - Level 2.0 Stealth
 - Level 2.0 Spellcasting
 + Level 7.3 Conjurations


You had 6 spell levels left.
You knew the following spells:

 Your Spells              Type           Power        Failure   Level  Hunger
a - Magic Dart            Conj           ####         3%          1    #......


Dungeon Overview and Level Annotations

Branches:
Dungeon (3/15)

Altars:
Makhleb
Zin


Innate Abilities, Weirdness & Mutations

You have a beak for a mouth.
You have claws for feet.


Message History

You start resting.
Magic restored.
Done exploring.
(D) Dungeon
Where to? (Enter - D:2, ? - help)
There is a stone staircase leading down here.
You climb downwards.
You hear the sound of rushing water.
There is an entrance to a sewer on this level.
Hurry and find it before the portal rusts away!
An adder, a giant cockroach, a kobold and a two-headed ogre come into view.
The two-headed ogre shouts in stereo!
You hear a shout!
Found four items.
Found an escape hatch in the floor.
Found a stone staircase leading down.
There is a stone staircase leading up here.
The two-headed ogre hits you with a giant club!!
Ouch! That really hurt!
* * * LOW HITPOINT WARNING * * *
The two-headed ogre hits you with a giant club!
Ouch! That really hurt!
You die...

############
#.>........#
#..........#
#..S.s.K...#
###...?......#
.......@O%.).#
###.........>#
####.#######
#. #. #$ #. #.


You could see a two-headed ogre, an adder, a giant cockroach and a kobold.

Vanquished Creatures
  2 adders (D:2)
  2 worms (D:2)
  A giant gecko (D:2)
  5 bats
  A giant cockroach (D:2)
  11 goblins
  4 hobgoblins
  2 kobolds (D:1)
  A quokka (D:2)
  2 giant newts
  5 rats
36 creatures vanquished.

Notes
Turn   | Place    | Note
--------------------------------------------------------------
     0 | D:1      | Tomstefer the Tengu Conjurer began the quest for the Orb.
     0 | D:1      | Reached XP level 1. HP: 10/10 MP: 4/4
     0 | D:1      | Noticed a red draconian
     2 | D:1      | Noticed a green draconian
     4 | D:1      | Noticed a large abomination
     6 | D:1      | Noticed a shadow dragon
     7 | D:1      | Noticed an iron dragon
    23 | D:1      | Noticed an ice dragon
    23 | D:1      | Noticed an ice dragon
    24 | D:1      | Noticed an ice dragon
    26 | D:1      | Noticed an iron dragon
    26 | D:1      | Noticed a white draconian
    28 | D:1      | Noticed a tentacled monstrosity
    30 | D:1      | Noticed a tentacled monstrosity
    30 | D:1      | Noticed a purple draconian
    34 | D:1      | Noticed a tentacled monstrosity
   214 | D:1      | Reached XP level 2. HP: 15/15 MP: 4/6
   385 | D:1      | Reached skill level 6 in Conjurations
  1013 | D:2      | Reached XP level 3. HP: 19/19 MP: 1/7
  1203 | D:2      | Found a burning altar of Makhleb.
  1210 | D:2      | Found a glowing silver altar of Zin.
  1210 | D:2      | Noticed an angel
  1210 | D:2      | Noticed a cacodemon
  1354 | D:2      | Reached skill level 7 in Conjurations
  1647 | D:2      | Reached XP level 4. HP: 24/24 MP: 2/8
  2150 | D:3      | Noticed a two-headed ogre
  2151 | D:3      | Mangled by a two-headed ogre

Vault maps used:
D:1:      shiori_arrival_whats_in_store_for_you
D:2:      grunt_temple_overflow_order_and_chaos_2
D:3:      lemuel_doored_altar, portal_sewer_entry_a,
          nicolae_dithmenos_through_a_glass_darkly

Skill      XL: |  1  2  3 |
---------------+----------+-----
Conjurations   | 6 7 |  7.3
Dodging        | |  2.1
Stealth        | |  2.0
Spellcasting   | |  2.0

Action                   |  1- 3 |  4- 6 || total
-------------------------+-------+-------++-------
Melee: Dagger            |     2 |       ||     2
       Mace              |     4 |     2 ||     6
 Cast: Magic Dart        |    57 |     7 ||    64
  Eat: Chunk             |     3 |     2 ||     5
